 Dungeon Crawl Stone Soup version 0.17-a0-18-gc25b939 (webtiles) character file.

69 Econoterrorist the Twirler (level 4, -1/26 HPs)
             Began as a Gargoyle Gladiator on Mar 10, 2015.
             Killed by nerve-wracking pain
             ... invoked by an orc priest
              (9 damage)
             ... on level 3 of the Dungeon.
             The game lasted 00:05:16 (1780 turns).

Econoterrorist the Twirler (Gargoyle Gladiator)     Turns: 1780, Time: 00:05:17

Health: -1/26      AC:  9    Str: 18    XL:     4   Next: 20%
Magic:  4/4        EV: 11    Int: 10    God:
Gold:   94         SH:  0    Dex: 10    Spells: 0 memorised, 3 levels left

rFire  . . .     SeeInvis .     a - +0 quarterstaff
rCold  . . .     Clarity  .     h - +0 ring mail
rNeg   + . .     SustAb   .     (no shield)
rPois  ∞         Gourm    .     c - +0 helmet
rElec  +         Spirit   .     (no cloak)
rCorr  .         Warding  .     (no gloves)
rMut   .         Stasis   .     (no boots)
MR     +....                    (no amulet)
Stlth  ..........               m - ring of protection from magic
                                g - ring of teleport control

@: somewhat resistant to hostile enchantments, extremely unstealthy
A: negative energy resistance 1, electricity resistance, unbreathing,
petrification resistance, rot immunity, AC +3
a: Evoke Teleport Control


You were on level 3 of the Dungeon.
You were hungry.

You visited 1 branch of the dungeon, and saw 3 of its levels.

You collected 94 gold pieces.

Inventory:

Hand weapons
 a - a +0 quarterstaff (weapon)
Missiles
 d - 3 throwing nets (quivered)
Armour
 c - a +0 helmet (worn)
 h - a +0 ring mail (worn)
Jewellery
 g - a ring of teleport control (left hand)
 m - a ring of protection from magic (right hand)
Scrolls
 b - a scroll of amnesia {unknown}
 e - a scroll of random uselessness {unknown}
 j - a scroll of noise {unknown}
 k - a scroll of blinking {unknown}
 l - a scroll of enchant weapon {unknown}
 o - a scroll of enchant armour {unknown}
 p - 2 scrolls of identify {unknown}
 r - a scroll of remove curse {unknown}
Potions
 i - a potion of might {unknown}
 q - a potion of invisibility {unknown}
Comestibles
 f - 4 bread rations
 n - a beef jerky
 s - a meat ration


   Skills:
 - Level 2.1 Fighting
 + Level 4.9 Staves
 - Level 2.0 Throwing
 - Level 2.4 Dodging


You had 3 spell levels left.
You didn't know any spells.

Dungeon Overview and Level Annotations

Branches:
Dungeon (3/15)

Altars:
Nemelex Xobeh
Yredelemnul


Innate Abilities, Weirdness & Mutations

You are resistant to torment.
You are immune to poison.
Your stone body is very resilient (AC +3).
You resist negative energy.
You are resistant to electric shocks.
You can survive without breathing.
You are immune to petrification.
You are immune to rotting.


Message History

The orc priest is moderately wounded.
The orc closely misses you.
The orc priest mumbles some strange prayers to Beogh against you.
You resist with some effort.
You barely miss the orc priest.
The orc priest is moderately wounded.
The goblin hits you with a club. The orc barely misses you.
The orc priest invokes the aid of Beogh against you.
Something smites you!
Ouch! That really hurt!
You hit the orc priest.
The orc priest is heavily wounded.
The goblin barely misses you. The orc hits you but does no damage.
The orc priest hits you but does no damage.
You hit the orc priest.
The orc priest is severely wounded.
The goblin barely misses you. The orc hits you with a short sword.
The orc priest mumbles some strange prayers to Beogh against you.
Pain shoots through your body!
You die...

# . A..# .# #...# .# .#...#
.# ..#####..###
.........#.# #.........#
#..#g#o## #...o@.[# #...
#.###..#.# ....# #.###..#
#...# #.#...<#### #...#
###.#.##....# #...#
#...........###
##...#####.#..............#
..<.........##.####.#>....
............##(# .......


You could see an angel (confused), an orc priest, an orc and a goblin.

Vanquished Creatures
  A gnoll (D:1)
  2 adders (D:2)
  An ooze (D:2)
  An orc (D:3)
  2 bats
  4 giant cockroaches
  7 goblins
  3 hobgoblins
  4 kobolds (D:2)
  A quokka (D:2)
  A ball python (D:1)
  2 giant geckos
  A giant newt (D:2)
  7 rats
37 creatures vanquished.

Notes
Turn   | Place    | Note
--------------------------------------------------------------
     0 | D:1      | Econoterrorist, the Gargoyle Gladiator, began the quest for the Orb.
     0 | D:1      | Reached XP level 1. HP: 12/12 MP: 1/1
   301 | D:1      | Reached XP level 2. HP: 17/17 MP: 2/2
   509 | D:1      | Reached skill level 4 in Staves
   749 | D:1      | Reached XP level 3. HP: 21/21 MP: 3/3
   881 | D:2      | Found a basalt altar of Yredelemnul.
  1197 | D:2      | Reached XP level 4. HP: 23/26 MP: 4/4
  1423 | D:2      | Found a sparkling altar of Nemelex Xobeh.
  1767 | D:3      | Noticed an angel
  1780 | D:3      | Killed from afar by an orc priest

Action                   |  1- 3 |  4- 6 || total
-------------------------+-------+-------++-------
Melee: Quarterstaff      |   102 |    25 ||   127
  Eat: Chunk             |     1 |     1 ||     2
